 Dungeon Crawl Stone Soup version 0.29-a0-322-g68df515428 (webtiles) character file.

Game seed: 12458466982550026236

205 Bnni the Sneak (level 5, -1/36 HPs)
             Began as an Octopode Brigand on Apr 6, 2022.
             Slain by a gnoll
             ... wielding a +0 club
              (6 damage)
             ... on level 3 of the Dungeon.
             The game lasted 00:05:29 (2894 turns).

Bnni the Sneak (Octopode Brigand)                   Turns: 2894, Time: 00:05:31

Health: -1/36      AC:  1    Str: 10    XL:     5   Next: 83%
Magic:  5/5        EV: 13    Int: 13    God:
Gold:   160        SH:  0    Dex: 16    Spells: 4/4 levels left

rFire   . . .      SeeInvis .   m - +2 dagger (venom)
rCold   . . .      Faith    .   (no shield)
rNeg    . . .      Spirit   .   (helmet restricted)
rPois   .          Reflect  .   (no amulet)
rElec   .          Harm     .   (no ring)
rCorr   .          Rampage  .   (no ring)
Will    .....                   (no ring)
Stlth   ++++......              (no ring)
HPRegen 0.12/turn               (no ring)
MPRegen 0.09/turn               (no ring)
                                (no ring)
                                (no ring)

@: no status effects
A: almost no armour, amphibious, 8 rings, camouflage 1, gelatinous body 1,
(nimble swimmer 1), tentacles
a: no special abilities


You were on level 3 of the Dungeon.
You visited 1 branch of the dungeon, and saw 3 of its levels.

You collected 160 gold pieces.

Inventory:

Hand Weapons
 f - a +0 trident of venom
 m - a +2 dagger of venom (weapon)
Missiles
 b - 7 poisoned darts (quivered)
 c - 3 curare-tipped darts
 e - an atropa-tipped dart
Scrolls
 d - 2 scrolls of immolation
 h - a scroll of vulnerability {unknown}
 i - a scroll of teleportation {unknown}
Potions
 k - 2 potions of flight
 l - a potion of heal wounds {unknown}


   Skills:
 + Level 3.2 Fighting
 * Level 4.3 Short Blades
 - Level 2.0 Throwing
 - Level 1.0 Dodging
 + Level 6.6 Stealth


You had 4 spell levels left.
You didn't know any spells.
Your spell library contained the following spells:

 Spells                   Type           Power      Damage    Failure   Level
 Gell's Gravitas          Tloc           0%         N/A       67%         3
 Lesser Beckoning         Tloc           0%         N/A       67%         3
 Teleport Other           Tloc           0%         N/A       67%         3


Dungeon Overview and Level Annotations

Branches:
Dungeon (3/15)

Altars:


Innate Abilities, Weirdness & Mutations

You cannot wear most types of armour.
You are amphibious.
You can wear up to eight rings at the same time.
Your skin changes colour to match your surroundings (Stealth+).
Your rubbery body absorbs attacks. (AC +1, EV +1)
((You are camouflaged when in or above water. (Stealth+)))
You have tentacles for arms and can constrict up to eight enemies at once.


Message History

The gnoll shouts!
The gnoll struggles to escape constriction.
You are confused.
You feel invigorated.
You constrict the gnoll. The gnoll closely misses you.
You hit the gnoll.
You kill the gnoll!
You hit the gnoll.
The gnoll is poisoned.
The gnoll is moderately wounded.
You bump into the rock wall.
The gnoll hits you with a +0 club! The gnoll hits you with a +0 club.
You miss the gnoll. Your squeeze misses the gnoll.
The gnoll is heavily wounded.
The gnoll hits you with a +0 club! The gnoll misses you.
You bump into the rock wall.
The gnoll hits you with a +0 club. x2
You bump into the rock wall.
You kill the gnoll!
The gnoll hits you with a +0 club!
You feel less invigorated.
You feel less confused.
You barely miss the gnoll. Your grab misses the gnoll.
The gnoll hits you with a +0 club.
You hit the gnoll.
The gnoll is poisoned.
You grab the gnoll.
The gnoll is lightly wounded.
You constrict the gnoll, but do no damage.
The gnoll hits you with a +0 club. x2
* * * LOW HITPOINT WARNING * * *
You hit the gnoll.
The gnoll is moderately wounded.
You constrict the gnoll. The gnoll barely misses you.
The gnoll hits you with a +0 club.
* * * LOW HITPOINT WARNING * * *
Okay, then.
Throw: 2 darts (atropa)
Press: ? - help, Shift-Dir - straight line, f - gnoll
Aim: a gnoll, wielding a +0 club (65% to hit, chance to blind on hit: 100%)
You throw an atropa-tipped dart. The atropa-tipped dart hits the gnoll.
The gnoll appears confused.
You constrict the gnoll. The gnoll completely misses you.
The gnoll hits you with a +0 club.
You die...

.# '###
...################
...'...............
...########.#########
....).... #.# #...
.#######.##.#####)#
.# #.##.....gg# .#
#.##.....@.# .#
#.##.......#
.#######.##.......#
....)).#.##.#####?..
..).##)#.##.# #...#
....##...##.#####...#
....###...........#.#
....# #.###.#### ##.#
....# #.# #


You could see 2 gnolls.

Vanquished Creatures
  2 orc priests (D:3)
  A hound (D:3)
  5 gnolls
  2 adders (D:2)
  A worm (D:2)
  2 orcs (D:3)
  5 bats
  5 endoplasms
  A giant cockroach (D:1)
  5 hobgoblins
  2 jackals (D:2)
  3 quokkas
  7 ball pythons
  2 frilled lizards (D:1)
  4 goblins
  3 kobolds
  6 rats
56 creatures vanquished.

Notes
Turn   | Place    | Note
-------+----------+-------------------------------------------
     0 | D:1      | Bnni the Octopode Brigand began the quest for the Orb.
     0 | D:1      | Reached XP level 1. HP: 14/14 MP: 1/1
   420 | D:1      | Reached XP level 2. HP: 19/19 MP: 2/2
   520 | D:1      | Found a faded altar of an unknown god.
  1233 | D:2      | Reached XP level 3. HP: 25/25 MP: 3/3
  1278 | D:2      | Reached XP level 4. HP: 2/30 MP: 4/4
  1593 | D:2      | Reached skill level 6 in Stealth
  2602 | D:3      | Reached XP level 5. HP: 36/36 MP: 5/5
  2894 | D:3      | Slain by a gnoll

Illustrated notes

Levels and vault maps discovered:
D:1:      shiori_arrival_maze, layout_loops_corners,
          ebering_ecumenical_altar_mist
D:2:      layout_basic
D:3:      layout_basic

Skill      XL: |  1  2  3  4  5 |
---------------+----------------+-----
Short Blades   | 3 4 |  4.3
Stealth        | 6 |  6.6
Fighting       | 3 |  3.2
Throwing       | |  2.0
Dodging        | |  1.0

Action                   |  1- 3 |  4- 6 || total
-------------------------+-------+-------++-------
Melee: Dagger            |    46 |    51 ||    97
       Constrict         |     8 |    14 ||    22
       Tentacles         |     5 |     8 ||    13
       Punch             |       |     1 ||     1
Throw: Dart              |     8 |     5 ||    13
  Use: Scroll            |     2 |     2 ||     4
       Potion            |       |     2 ||     2
 Stab: Sleeping          |    15 |     7 ||    22
Armor: Skin              |     2 |       ||     2
Dodge: Dodged            |    10 |    24 ||    34

Table legend: (Time is in decaauts)
 A = Elapsed time spent in this place.
 B = Non-inter-level travel time spent in this place.
 C = Inter-level travel time spent in this place.
 D = Time resting spent in this place.
 E = Time spent auto-exploring this place.
 F = Levels seen in this place.
 G = Mean time per level.
                   A        B        C        D        E       F      G
               +--------+--------+--------+--------+--------+-----+--------+
         Total |   2876 |   2807 |     69 |    493 |   1959 |   3 |  958.7 |
       Dungeon |   2876 |   2807 |     69 |    493 |   1959 |   3 |  958.7 |
               +--------+--------+--------+--------+--------+-----+--------+

Top non-repeatable levels by time:
     D:1: 1223 daAuts
     D:2: 1050 daAuts
     D:3: 602 daAuts
